 Dungeon Crawl Stone Soup version 0.29-a0-344-ge2f44be95a (webtiles) character file.

Game seed: 10923333484418534193

28 Majang the Slasher (level 3, -2/22 HPs)
             Began as a Tengu Gladiator on Apr 21, 2022.
             Slain by Terence
             ... wielding a +2 mace of protection
              (6 damage)
             ... on level 2 of the Dungeon.
             The game lasted 00:02:44 (1232 turns).

Majang the Slasher (Tengu Gladiator)                Turns: 1232, Time: 00:02:45

Health: -2/22      AC:  8    Str: 13 (14) XL:     3   Next: 12%
Magic:  4/4        EV: 11    Int:  7 (8)  God:
Gold:   96         SH:  0    Dex: 16 (17) Spells: 2/2 levels left

rFire   . . .      SeeInvis .   a - +0 long sword
rCold   . . .      Faith    .   (no shield)
rNeg    . . .      Spirit   .   m - +0 ring mail
rPois   .          Reflect  .   c - +0 hat
rElec   .          Harm     .   (no cloak)
rCorr   .          Rampage  .   g - +2 pair of gloves
Will    .....                   (boots unavailable)
Stlth   +.........              (no amulet)
HPRegen 0.07/turn               (no ring)
MPRegen 0.09/turn               (no ring)

@: no status effects
A: beak, talons 3
a: no special abilities


You were on level 2 of the Dungeon.
You visited 1 branch of the dungeon, and saw 2 of its levels.

You collected 96 gold pieces.

Inventory:

Hand Weapons
 a - a +0 long sword (weapon)
Missiles
 d - 3 throwing nets (quivered)
 e - a javelin
Armour
 b - a +0 leather armour
 c - a +0 hat (worn)
 g - a +2 pair of gloves (worn)
 m - a +0 ring mail (worn)
Jewellery
 f - a ring of magical power
Scrolls
 h - a scroll of fog {unknown}
 i - a scroll of brand weapon {unknown}
 k - 2 scrolls of identify {unknown}
 n - a scroll of immolation {unknown}


   Skills:
 + Level 2.5 Fighting
 * Level 4.2 Long Blades
 - Level 2.0 Throwing
 - Level 3.2 Dodging


You had 2 spell levels left.
You didn't know any spells.
Your spell library contained the following spells:

 Spells                   Type           Power      Damage    Failure   Level
 Beastly Appendage        Tmut           0%         N/A       71%         1


Dungeon Overview and Level Annotations

Branches:
Dungeon (2/15)

Altars:

Annotations:
D:2 Terence


Innate Abilities, Weirdness & Mutations

You have a beak for a mouth.
You have claws for feet.


Message History

Terence is heavily wounded.
Terence hits you with a +2 mace of protection.
You hit Terence. You claw Terence, but do no damage.
Terence is severely wounded.
Terence hits you with a +2 mace of protection.
* * * LOW HITPOINT WARNING * * *
You hit Terence but do no damage.
Terence is severely wounded.
Terence hits you with a +2 mace of protection.
* * * LOW HITPOINT WARNING * * *
Terence hits you but does no damage.
It was a potion of heal wounds.
You feel much better. Terence barely misses you.
You hit Terence but do no damage. You claw Terence, but do no damage.
Terence is severely wounded.
Terence barely misses you.
You barely miss Terence.
Terence is severely wounded.
Terence hits you with a +2 mace of protection.
You barely miss Terence. You peck Terence, but do no damage.
Terence is severely wounded.
Terence hits you with a +2 mace of protection!
You closely miss Terence. Your kick misses Terence.
Terence is severely wounded.
Terence hits you with a +2 mace of protection.
You hit Terence but do no damage. You claw Terence.
You punch Terence, but do no damage.
Terence is almost dead.
Terence hits you with a +2 mace of protection.
* * * LOW HITPOINT WARNING * * *
It was a potion of degeneration.
There was something very wrong with that liquid.
You feel weakened.
You feel dopey.
You feel clumsy. Terence misses you.
You barely miss Terence. You peck Terence, but do no damage.
Terence is almost dead.
The bat zombie completely misses you.
The bat zombie hits you but does no damage.
Terence hits you with a +2 mace of protection.
You die...

#.# #.# ##.## ##..<##
..#.....## ####
..........###..
##.........##.#####$#
#........###@P88....
#[.........Z@8...#
#.##...#####8...## #.
##..# #....# # .....
..##.... ).... ###
##.# ##### #


You could see Terence and a bat zombie.

Vanquished Creatures
  7 endoplasms (D:1)
  4 giant cockroaches (D:1)
  2 quokkas (D:1)
  A ball python (D:1)
  3 bats (D:1)
  A frilled lizard (D:1)
  4 kobolds (D:1)
  A rat (D:1)
23 creatures vanquished.

Vanquished Creatures (others)
  A withered plant (D:2)
1 creature vanquished.

Grand Total: 24 creatures vanquished

Notes
Turn   | Place    | Note
-------+----------+-------------------------------------------
     0 | D:1      | Majang the Tengu Gladiator began the quest for the Orb.
     0 | D:1      | Reached XP level 1. HP: 12/12 MP: 2/2
   214 | D:1      | Reached XP level 2. HP: 17/17 MP: 3/3
   529 | D:1      | Reached skill level 4 in Long Blades
   811 | D:1      | Found a faded altar of an unknown god.
   816 | D:1      | Got Plato's Almanac of Moulding
   841 | D:1      | Reached XP level 3. HP: 22/22 MP: 4/4
  1212 | D:2      | Noticed Terence
  1232 | D:2      | Slain by Terence

Illustrated notes

Levels and vault maps discovered:
D:1:      lightli_arrival_flooded_house, layout_loops_corners,
          shapermc_ecumenical_altar_rom_forum
D:2:      layout_loops_ring, serial_undead, serial_undead_d, serial_undead_c,
          serial_undead_f, serial_undead_d, uniq_natasha, uniq_terence

Skill      XL: |  1  2 |
---------------+-------+-----
Long Blades    | 4 |  4.2
Fighting       | |  2.5
Throwing       | |  2.0
Dodging        | |  3.2

Action                   || total
-------------------------++-------
Melee: Long sword        ||    57
       Kick              ||    14
       Peck              ||     8
       Punch             ||     1
  Use: Potion            ||     2
 Stab: Sleeping          ||     1
Armor: Leather armour    ||    10
       Ring mail         ||     7
Dodge: Dodged            ||    46

Table legend: (Time is in decaauts)
 A = Elapsed time spent in this place.
 B = Non-inter-level travel time spent in this place.
 C = Inter-level travel time spent in this place.
 D = Time resting spent in this place.
 E = Time spent auto-exploring this place.
 F = Levels seen in this place.
 G = Mean time per level.
                   A        B        C        D        E       F      G
               +--------+--------+--------+--------+--------+-----+--------+
         Total |   1244 |   1212 |     32 |      0 |    985 |   2 |  622.0 |
       Dungeon |   1244 |   1212 |     32 |      0 |    985 |   2 |  622.0 |
               +--------+--------+--------+--------+--------+-----+--------+

Top non-repeatable levels by time:
     D:1: 1211 daAuts
     D:2: 32 daAuts
